 Dungeon Crawl Stone Soup version 0.29.1-1-gd02db6906a (webtiles) character file.

Game seed: 15647521659442538524

113 masschaos23 the Chopper (level 4, 0/41 HPs)
             Began as a Hill Orc Fighter on Sept 18, 2022.
             Killed from afar by an orc wizard (3 damage)
             ... with a magic dart
             ... on level 3 of the Dungeon.
             The game lasted 00:03:11 (2389 turns).

masschaos23 the Chopper (Hill Orc Fighter)          Turns: 2389, Time: 00:03:12

Health: 0/41       AC:  7    Str: 20    XL:     4   Next: 96%
Magic:  4/4        EV:  9    Int:  8    God:
Gold:   87         SH:  0    Dex: 10    Spells: 3/3 levels left

rFire   + . .      SeeInvis .   a - +0 war axe
rCold   + . .      Faith    .   c - +0 buckler
rNeg    . . .      Spirit   .   b - +0 scale mail
rPois   .          Reflect  .   (no helmet)
rElec   .          Harm     .   h - scarf {rC+ rF+}
rCorr   .          Rampage  .   (no gloves)
Will    .....                   (no boots)
Stlth   ..........              (no amulet)
HPRegen 0.13/turn               (no ring)
MPRegen 0.09/turn               (no ring)

@: confused
A: no striking features
a: no special abilities


You were on level 3 of the Dungeon.
You visited 1 branch of the dungeon, and saw 3 of its levels.

You collected 87 gold pieces.

Inventory:

Hand Weapons
 a - a +0 war axe (weapon)
Armour
 b - a +0 scale mail (worn)
 c - a +0 buckler (worn)
 h - a scarf of resistance (worn)
Jewellery
 i - a +4 ring of evasion
 r - a +4 ring of evasion
Scrolls
 g - 3 scrolls of identify {unknown}
 l - a scroll of amnesia {unknown}
 n - 2 scrolls of enchant armour {unknown}
 o - a scroll of vulnerability {unknown}
 p - a scroll of immolation {unknown}
 q - a scroll of brand weapon {unknown}
Potions
 d - a potion of might
 e - 2 potions of curing {unknown}
 f - a potion of degeneration {unknown}
 j - 2 potions of mutation {unknown}
 k - a potion of cancellation {unknown}
 m - a potion of ambrosia {unknown}


   Skills:
 + Level 4.3 Fighting
 + Level 4.6 Axes
 + Level 4.1 Armour
 + Level 0.6 Dodging
 + Level 0.1 Stealth
 + Level 3.6 Shields


You had 3 spell levels left.
You didn't know any spells.
Your spell library contained the following spells:

 Spells                   Type           Power      Damage    Failure   Level
 Animate Armour           Summ/Erth      0%         N/A       100%        4
 Blade Hands              Tmut           0%         N/A       100%        5
 Iron Shot                Conj/Erth      0%         9d1       100%        6


Dungeon Overview and Level Annotations

Branches:
Dungeon (3/15)

Altars:

Shops:
D:1 ?


Message History

You miss something.
You hear some strange, mumbled words.
A magic dart appears from out of thin air!
The magic dart hits you.
You miss something. Something hits you but does no damage. Something hits you.
You closely miss something. Something hits you but does no damage.
You miss something. Something hits you. x2
You barely miss something. Something completely misses you.
You closely miss something.
You hear some strange, mumbled words.
A puff of flame appears from out of thin air!
The puff of flame hits you. You resist.
You hit something but do no damage. Something hits you.
Something hits you but does no damage.
You miss something. Something hits you but does no damage.
You hit something. Something hits you but does no damage.
You miss something. Something hits you.
* * * LOW HITPOINT WARNING * * *
You hear some strange, mumbled words.
A puff of flame appears from out of thin air!
The puff of flame hits you. You resist.
* * * LOW HITPOINT WARNING * * *
You closely miss something.
You hear some strange, mumbled words.
You are confused.
Something hits you.
* * * LOW HITPOINT WARNING * * *
You hear some strange, mumbled words.
Something tries to affect you, but you resist.
An orc wizard appears from thin air!
Reactivating autopickup.
The orc wizard completely misses you.
You're too confused to move!
The orc wizard barely misses you. The orc wizard closely misses you.
You see here a rat corpse.
You barely miss the orc wizard.
The orc wizard is almost dead.
The orc wizard casts a spell at you. The magic dart hits you.
You die...

†############ ##.# ##
#..........(# #.##### #
#...........# #.....# #
#...........# #.###)## #
#...........# #.# #).#
#..!........# #.# ##)#
#...........# #.## #)#
#......)))..#####..###'#
.......@................
.......o...<............
........................
##
.....####.......>.......
.# .....
#............... .# ....
######.......... .# ###
#.......... ##
#.......... #####+#####


You could see an orc wizard.

Vanquished Creatures
  2 adders (D:2)
  A gnoll (D:1)
  An adder skeleton (D:2)
  3 dart slugs
  8 orcs (D:3)
  2 bat skeletons (D:2)
  2 endoplasms
  2 giant cockroaches (D:1)
  6 goblins
  4 hobgoblins (D:1)
  3 jackals (D:1)
  6 quokkas
  3 ball pythons
  A ball python skeleton (D:2)
  4 ball python zombies (D:2)
  5 bats
  4 frilled lizards
  4 kobolds
  8 rats
69 creatures vanquished.

Vanquished Creatures (others)
  2 withered plants (D:2)
2 creatures vanquished.

Grand Total: 71 creatures vanquished

Notes
Turn   | Place    | Note
-------+----------+-------------------------------------------
     0 | D:1      | masschaos23 the Hill Orc Fighter began the quest for the
                  | Orb.
     0 | D:1      | Reached XP level 1. HP: 19/19 MP: 1/1
   329 | D:1      | Reached XP level 2. HP: 27/27 MP: 2/2
   825 | D:1      | Reached XP level 3. HP: 27/33 MP: 3/3
   906 | D:1      | Found Ymah's Magic Scroll Shoppe.
  1645 | D:2      | Reached XP level 4. HP: 34/40 MP: 4/4
  2111 | D:3      | Found a faded altar of an unknown god.
  2384 | D:3      | HP: 2/41 [something (3)]
  2389 | D:3      | Killed from afar by an orc wizard

Illustrated notes

Levels and vault maps discovered:
D:1:      onia_arrival_pyramid, layout_basic, serial_shops, shop
D:2:      layout_rooms, serial_undead, serial_undead_e, serial_undead_e,
          serial_undead_a, serial_undead_e, serial_undead_a
D:3:      layout_basic, nicolae_ecumenical_pavilion, uniq_sigmund

Skill      XL: |  1  2  3  4 |
---------------+-------------+-----
Axes           | 3 4 |  4.6
Fighting       | 4 |  4.3
Armour         | 4 |  4.1
Dodging        | |  0.6
Stealth        | |  0.1
Shields        | |  3.6

Action                   |  1- 3 |  4- 6 || total
-------------------------+-------+-------++-------
Melee: War axe           |   129 |    91 ||   220
Armor: Scale mail        |    84 |    51 ||   135
Dodge: Dodged            |    67 |    46 ||   113
Block: Buckler           |    31 |    23 ||    54
